 Dungeon Crawl Stone Soup version 0.30-a0-737-gf23d94013f (webtiles) character file.

Game seed: 2579315776928458981

107 zinnoa the Trooper (level 4, -1/29 HPs)
             Began as a Gargoyle Fighter on Feb 2, 2023.
             Was a Believer of Trog.
             Killed by divine providence
             ... invoked by an orc priest
              (14 damage)
             ... on level 3 of the Dungeon.
             The game lasted 00:04:38 (1779 turns).

zinnoa the Trooper (Gargoyle Fighter)               Turns: 1779, Time: 00:04:39

Health: -1/29      AC: 13    Str: 22    XL:     4   Next: 85%
Magic:  4/4        EV:  8    Int:  8    God:    Trog [**....]
Gold:   99         SH:  0    Dex:  9    Spells: 3/3 levels left

rFire   . . .      SeeInvis .    i - +1 dire flail (holy)
rCold   . . .      Faith    .    (shield currently unavailable)
rNeg    + . .      Spirit   .    p - +0 chain mail
rPois   ∞          Reflect  .    (no helmet)
rElec   +          Harm     .    (no cloak)
rCorr   .          Rampage  .    (no gloves)
Will    ++...                    (no boots) Stlth
                                 (no amulet)
HPRegen 1.24/turn                (no ring)
MPRegen 0.09/turn                (no ring)

@: strong-willed, regenerating
A: sickness immunity, AC +3, negative energy resistance 1, electricity
resistance, torment resistance 1, petrification resistance
a: Renounce Religion, Berserk, Trog's Hand


You were on level 3 of the Dungeon.
You worshipped Trog.
Trog was pleased with you.
You visited 1 branch of the dungeon, and saw 3 of its levels.

You collected 99 gold pieces.

Inventory:

Hand Weapons
 a - a +0 flail
 i - a +1 dire flail of holy wrath (weapon)
Missiles
 h - 2 throwing nets (quivered)
Armour
 b - a +0 scale mail
 c - a +0 buckler
 p - a +0 chain mail (worn)
Jewellery
 k - an amulet of guardian spirit
 n - a +6 ring of dexterity
Scrolls
 e - 5 scrolls of identify {unknown}
 f - 2 scrolls of blinking {unknown}
 g - a scroll of noise {unknown}
 m - a scroll of enchant armour {unknown}
 o - 2 scrolls of teleportation {unknown}
Potions
 d - a potion of might
 j - 3 potions of curing {unknown}
 l - a potion of brilliance {unknown}
 q - 2 potions of berserk rage {unknown}
 r - a potion of flight {unknown}


   Skills:
 * Level 4.1 Fighting
 * Level 3.5 Maces & Flails
 * Level 4.0 Armour
 + Level 0.4 Dodging
 - Level 3.3 Shields


You had 3 spell levels left.
You didn't know any spells.
Your spell library was empty.

Dungeon Overview and Level Annotations

Branches:
Dungeon (3/15)

Altars:
Trog


Innate Abilities, Weirdness & Mutations

You are immune to sickness and miasma.
Your stone body is resilient. (AC +3)
You are immune to poison.
You resist negative energy. (rN+)
You are resistant to electric shocks. (rElec)
You are resistant to unholy torment.
You are immune to petrification.


Message History

The orc priest calls down the wrath of Beogh upon you.
Beogh smites you!
A goblin comes into view. It is wielding a +0 club.
You are too injured to fight recklessly!
You are too injured to fight recklessly!
You are too injured to fight recklessly!
You are too injured to fight recklessly!
You are too injured to fight recklessly!
The goblin shouts!
You puncture the orc priest!
The orc priest is almost dead.
The orc priest hits you but does no damage.
The orc priest miscasts a cantrip.
You sock the orc priest!
You kill the orc priest!
Trog accepts your kill. The orc barely misses you.
The orc wizard mumbles some strange words.
The orc wizard flickers and vanishes!
Deactivating autopickup; reactivate with Ctrl-A.
Your Armour skill increases to level 4!
Your skin crawls.
You feel strong-willed. The orc priest closely misses you.
The orc hits you but does no damage.
A magic dart appears from out of thin air!
The magic dart hits you. The dart slug launches a dart at you.
The slug dart hits something.
You puncture the orc!
You kill the orc!
Trog accepts your kill. The orc priest barely misses you.
You sock the orc priest!
The orc priest is heavily wounded.
Something hits you. The orc priest barely misses you.
You barely miss the orc priest.
The orc priest is heavily wounded.
The orc priest mumbles some strange prayers to Beogh against you.
Beogh smites you!
You die...

#######.............# .
.........###........###..
.......)..##............#
..............<..........
.....<...................
..###.....#..............
........###...........
##.......# #.)..>......
.........# #..@g.......
#.##.....## #.o){......#
#. #.....# ##......... #
....... ....w.....
#.......... #........$.
#.......... ...........


You could see an orc priest, a dart slug and a goblin.

Vanquished Creatures
  An orc priest (D:3)
  3 adders
  A worm (D:3)
  2 orcs (D:3)
  3 ball pythons
  6 bats
  4 endoplasms
  A giant cockroach (D:1)
  4 goblins
  7 hobgoblins
  2 jackals (D:3)
  2 quokkas
  3 frilled lizards
  3 kobolds
  A rat (D:3)
43 creatures vanquished.

Notes
Turn   | Place    | Note
-------+----------+-------------------------------------------
     0 | D:1      | zinnoa the Gargoyle Fighter began the quest for the Orb.
     0 | D:1      | Reached XP level 1. HP: 14/14 MP: 1/1
    30 | D:1      | Found a faded altar of an unknown god.
    50 | D:1      | Prayed at the altar of an unknown god.
    50 | D:1      | Became a worshipper of Trog the Wrathful
    50 | D:1      | Reached * piety under Trog
   260 | D:1      | Reached XP level 2. HP: 19/19 MP: 2/2
   982 | D:2      | Reached XP level 3. HP: 24/24 MP: 3/3
  1617 | D:3      | Reached ** piety under Trog
  1661 | D:3      | Reached XP level 4. HP: 29/29 MP: 4/4
  1779 | D:3      | Killed from afar by an orc priest

Illustrated notes

Levels and vault maps discovered:
D:1:      amcnicky_arrival_double_pillar, layout_loops_ring, serial_aquarium,
          aquarium_bridge_square [aquarium_subvault_wall,
          aquarium_subvault_bridge, aquarium_subvault_wall,
          aquarium_subvault_wall], aquarium_window_fake,
          aquarium_window_corridor_1, aquarium_view_2e, aquarium_pool_1,
          chequers_ecumenical_altar_simple_redux, minmay_misc_feat_enclosed,
          chequers_serial_rivers_micro_e
D:2:      layout_basic
D:3:      layout_rooms

Skill      XL: |  1  2  3  4 |
---------------+-------------+-----
Maces & Flails | 3 |  3.5
Fighting       | 4 |  4.1
Armour         | 4 |  4.0
Dodging        | |  0.4
Shields        | |  3.3

Action                     |  1- 3 |  4- 6 || total
---------------------------+-------+-------++-------
  Melee: Dire flail        |   111 |    23 ||   134
         Flail             |     7 |       ||     7
 Invoke: Trog's Hand       |       |     1 ||     1
 Armour: Scale mail        |    31 |       ||    31
         Chain mail        |    66 |    10 ||    76
  Dodge: Dodged            |    63 |    11 ||    74

Table legend: (Time is in decaauts)
 A = Elapsed time spent in this place.
 B = Non-inter-level travel time spent in this place.
 C = Inter-level travel time spent in this place.
 D = Time resting spent in this place.
 E = Time spent auto-exploring this place.
 F = Levels seen in this place.
 G = Mean time per level.
                   A        B        C        D        E       F      G
               +--------+--------+--------+--------+--------+-----+--------+
         Total |   1802 |   1760 |     42 |      0 |   1441 |   3 |  600.7 |
       Dungeon |   1802 |   1760 |     42 |      0 |   1441 |   3 |  600.7 |
               +--------+--------+--------+--------+--------+-----+--------+

Top non-repeatable levels by time:
     D:2: 847 daAuts
     D:1: 784 daAuts
     D:3: 171 daAuts
